 Dungeon Sprint DCSS version 0.26.1 (webtiles) character file.

Game seed: 6705400717971444486

12600000 Groucho the Conqueror (level 27, -13/298 HPs)
             Began as a Naga Fighter on Feb 6, 2021.
             Was the Champion of Makhleb.
             Mangled by a fleshlord
             ... wielding a +9 great mace
              (147 damage)
             ... in the Dungeon (Sprint VIII: "Arena of Blood").
             The game lasted 00:06:44 (126 turns).

Groucho the Conqueror (Naga Fighter)                 Turns: 126, Time: 00:06:45

Health: -13/298    AC: 19    Str: 18    XL:     27
Magic:  45/54      EV: 29    Int: 11    God:    Makhleb [******]
Gold:   0          SH:  0    Dex: 22    Spells: 80/80 levels left

rFire    . . .     SeeInvis +   k - +∞ Axe of Woe
rCold    . . .     Faith    .   (shield currently unavailable)
rNeg     . . .     Spirit   .   b - +0 scale mail
rPois    +         Reflect  .   (no helmet)
rElec    .         Harm     .   (no cloak)
rCorr    .         Rampage  .   (no gloves)
Will     +++..     NoTele   +   (no barding)
Stlth    +++++++++.             (no amulet)
HPRegen  0.59/turn              (no ring)
MPRegen  0.34/turn              (no ring)

@: very slow
A: large, see invisible, deformed body, poison resistance, slowness 2, spit
poison 1, constrict 1, AC +9
a: Spit Poison, Renounce Religion, Minor Destruction, Lesser Servant of Makhleb,
Major Destruction, Greater Servant of Makhleb


You were in the Dungeon.
You worshipped Makhleb.
Makhleb was exalted by your worship.
You visited 1 branch

Inventory:

Hand Weapons
 a - a +0 war axe
 k - the +∞ Axe of Woe (weapon)
   (You found it in the Dungeon)
Armour
 b - a +0 scale mail (worn)
 c - a +0 kite shield
Jewellery
 e - a +250 ring of slaying
 f - a +100 ring of slaying
 l - a +30 ring of slaying
 m - a +200 ring of slaying
 n - a +250 ring of slaying
 o - a +200 ring of slaying
 p - a +100 ring of slaying
 q - a +200 ring of slaying
 r - a +250 ring of slaying
 s - a +250 ring of slaying
Scrolls
 j - a scroll of blinking
Potions
 d - a potion of might
 g - a potion of haste
 h - 2 potions of magic
 i - a potion of berserk rage


   Skills:
 O Level 27 Fighting
 O Level 27 Short Blades
 O Level 27 Long Blades
 O Level 27 Axes
 O Level 27 Maces & Flails
 O Level 27 Polearms
 O Level 27 Staves
 O Level 27 Slings
 O Level 27 Bows
 O Level 27 Crossbows
 O Level 27 Throwing
 O Level 27 Armour
 O Level 27 Dodging
 O Level 27 Stealth
 O Level 27 Shields
 O Level 27 Unarmed Combat
 O Level 27 Spellcasting
 O Level 27 Conjurations
 O Level 27 Hexes
 O Level 27 Summonings
 O Level 27 Necromancy
 O Level 27 Translocations
 O Level 27 Transmutations
 O Level 27 Fire Magic
 O Level 27 Ice Magic
 O Level 27 Air Magic
 O Level 27 Earth Magic
 O Level 27 Poison Magic
 O Level 27 Invocations
 O Level 27 Evocations


You had 80 spell levels left.
You didn't know any spells.
Your spell library was empty.

Dungeon Overview and Level Annotations

Branches:
Dungeon (1/1)

Altars:
Makhleb


Innate Abilities, Weirdness & Mutations

You cannot wear boots.
Your serpentine skin is tough. (AC +9)
You have supernaturally acute eyesight. (SInv)
Armour fits poorly on your strangely shaped body.
Your system is resistant to poisons. (rPois)
You cover ground very slowly.
You can spit poison.
You can use your snake-like lower body to constrict enemies.


Message History

A bag of meat comes into view. It is wielding a +9 war axe.
The accursed casts a spell at you. Something smites you!
* * * LOW HITPOINT WARNING * * *
You hear a chilling moan.
You hear a shout! x4
You cut the bag of meat into ribbons!!!
You hew the bag of meat savagely.
You kill the bag of meat!
Makhleb accepts your kill.
You feel better.
You slash the large abomination!
You slaughter the large abomination joyfully.
You destroy the large abomination!
You hear a shout! x4
An accursed comes into view.
The accursed points at you and mumbles some strange words.
Something smites you!
The fleshlord mumbles some strange words.
The fleshlord seems to speed up.
A scourge comes into view.
The fleshlord hits you with a +9 great mace!!!!!
You die...

....... ..... SM
#.§.. X# .. #..§
O.# ...###...
X.###M
.....)).###p.Wo..
#...z).))°..XX..
#))xL.# #_O@)_#
#o)p).#
#.....)D)_x.....
.oO.o.po###....p.
O.M###.p. ..###.
.. #... ..# #....
o#


po... .. .o...○. You could see 3 accurseds, a tyrant (fast), an eight-headed
meat hydra, a scourge (wandering), 6 fleshlords, a sculptor of flesh, a large
bag of meat (inner flame), 4 large abominations, a dread, 2 meat berserkers, 6
bags of meat and 2 crawling corpses.

Vanquished Creatures
  A hell knight (D)
  Sigmund (D)
  7 hell beasts (D)
  3 royal mummies (D)
  4 great orbs of eyes (D)
  2 wraiths (D)
  11 vampire knights (D)
  33 ogres (D)
  3 two-headed ogres (D)
  6 liches (D)
  3 hydras (D)
  55 orcs (D)
  3 phantoms (D)
  11 skeletal warriors (D)
  2 sea snakes (D)
  7 large abominations (D)
  6 small abominations (D)
  13 crawling corpses (D)
171 creatures vanquished.

Vanquished Creatures (others)
  3 ogres (D)
  6 two-headed ogres (D)
  A hydra (D)
  7 orcs (D)
  7 crawling corpses (D)
24 creatures vanquished.

Grand Total: 195 creatures vanquished

Notes
Turn   | Place    | Note
-------+----------+-------------------------------------------
     0 | D        | Found the +∞ Axe of Woe
     0 | D        | Groucho the Naga Fighter began the quest for the Orb.
     0 | D        | Reached XP level 1. HP: 21/21 MP: 1/1
     1 | D        | Noticed a bag of meat
     1 | D        | Noticed a bag of meat
     2 | D        | Noticed a bag of meat
     2 | D        | Noticed a bag of meat
     2 | D        | Noticed a bag of meat
     3 | D        | Noticed a bag of meat
     8 | D        | Noticed a meat berserker
     9 | D        | Killed a bag of meat
     9 | D        | Killed a bag of meat
     9 | D        | Killed a bag of meat
     9 | D        | Noticed a bag of meat
     9 | D        | Noticed a bag of meat
    10 | D        | Reached XP level 2. HP: 10/61 MP: 2/2
    10 | D        | Reached XP level 3. HP: 12/69 MP: 3/3
    10 | D        | Reached XP level 4. HP: 14/78 MP: 4/4
    10 | D        | Reached XP level 5. HP: 15/86 MP: 5/5
    10 | D        | Reached XP level 6. HP: 16/94 MP: 6/6
    10 | D        | Reached XP level 7. HP: 18/102 MP: 7/7
    10 | D        | Reached XP level 8. HP: 19/111 MP: 8/8
    10 | D        | Reached XP level 9. HP: 21/118 MP: 9/9
    10 | D        | Reached XP level 10. HP: 23/128 MP: 10/10
    10 | D        | Reached XP level 11. HP: 24/135 MP: 11/11
    10 | D        | Reached XP level 12. HP: 25/144 MP: 12/12
    10 | D        | Gained mutation: You can use your snake-like lower body to
                  | constrict enemies. [Naga growth]
    10 | D        | Reached XP level 13. HP: 27/152 MP: 13/13
    10 | D        | Reached XP level 14. HP: 28/160 MP: 14/14
    10 | D        | Killed a bag of meat
    10 | D        | Killed a bag of meat
    11 | D        | Reached XP level 15. HP: 32/175 MP: 15/15
    11 | D        | Killed a meat berserker
    11 | D        | Noticed a meat berserker
    11 | D        | Noticed a meat berserker
    12 | D        | Reached XP level 16. HP: 36/195 MP: 16/16
    12 | D        | Became a worshipper of Makhleb the Destroyer
    14 | D        | Killed a meat berserker
    15 | D        | Reached XP level 17. HP: 41/207 MP: 17/17
    16 | D        | Killed a meat berserker
    16 | D        | Reached * piety under Makhleb
    16 | D        | Noticed a meat berserker
    17 | D        | Reached skill level 27 in Fighting
    17 | D        | Reached XP level 18. HP: 111/218 MP: 18/18
    17 | D        | Noticed a large bag of meat
    19 | D        | Reached ** piety under Makhleb
    19 | D        | Killed a meat berserker
    20 | D        | Reached skill level 27 in Armour
    20 | D        | Reached XP level 19. HP: 226/226 MP: 19/19
    21 | D        | Noticed a large bag of meat
    22 | D        | Reached skill level 27 in Axes
    22 | D        | Reached skill level 27 in Shields
    22 | D        | Noticed a destroyer
    22 | D        | Reached *** piety under Makhleb
    23 | D        | Reached skill level 5 in Poison Magic
    24 | D        | Killed a destroyer
    24 | D        | Reached **** piety under Makhleb
    25 | D        | Reached skill level 10 in Poison Magic
    25 | D        | Reached XP level 20. HP: 236/236 MP: 19/30
    25 | D        | Killed a large bag of meat
    26 | D        | Reached skill level 10 in Invocations
    26 | D        | Reached XP level 21. HP: 217/244 MP: 19/33
    27 | D        | Noticed a meat berserker
    29 | D        | Reached skill level 10 in Short Blades
    29 | D        | Reached skill level 10 in Unarmed Combat
    29 | D        | Reached skill level 10 in Conjurations
    29 | D        | Reached skill level 10 in Hexes
    29 | D        | Reached skill level 10 in Summonings
    29 | D        | Reached skill level 10 in Necromancy
    29 | D        | Reached skill level 10 in Translocations
    29 | D        | Reached skill level 10 in Transmutations
    29 | D        | Reached skill level 10 in Fire Magic
    29 | D        | Reached skill level 10 in Ice Magic
    29 | D        | Reached skill level 10 in Air Magic
    29 | D        | Reached skill level 10 in Earth Magic
    29 | D        | Reached skill level 10 in Evocations
    30 | D        | Killed a large bag of meat
    30 | D        | Reached ***** piety under Makhleb
    31 | D        | Reached skill level 10 in Slings
    31 | D        | Reached skill level 10 in Bows
    31 | D        | Reached skill level 10 in Crossbows
    31 | D        | Reached skill level 10 in Throwing
    31 | D        | Reached skill level 15 in Stealth
    31 | D        | Reached skill level 10 in Spellcasting
    31 | D        | Noticed a meat berserker
    33 | D        | Killed a meat berserker
    34 | D        | Reached skill level 10 in Long Blades
    34 | D        | Reached skill level 10 in Maces & Flails
    34 | D        | Reached skill level 10 in Polearms
    34 | D        | Reached skill level 10 in Staves
    34 | D        | Reached skill level 10 in Dodging
    34 | D        | Reached skill level 15 in Poison Magic
    34 | D        | Reached XP level 22. HP: 238/254 MP: 21/37
    38 | D        | Reached XP level 23. HP: 256/262 MP: 21/39
    38 | D        | Reached ****** piety under Makhleb
    40 | D        | Reached skill level 15 in Invocations
    44 | D        | Reached XP level 24. HP: 272/272 MP: 23/40
    46 | D        | Noticed a destroyer
    47 | D        | Killed a destroyer
    48 | D        | Reached skill level 15 in Short Blades
    48 | D        | Reached skill level 15 in Unarmed Combat
    48 | D        | Reached skill level 15 in Conjurations
    48 | D        | Reached skill level 15 in Hexes
    48 | D        | Reached skill level 15 in Summonings
    48 | D        | Reached skill level 15 in Necromancy
    48 | D        | Reached skill level 15 in Translocations
    48 | D        | Reached skill level 15 in Transmutations
    48 | D        | Reached skill level 15 in Fire Magic
    48 | D        | Reached skill level 15 in Ice Magic
    48 | D        | Reached skill level 15 in Air Magic
    48 | D        | Reached skill level 15 in Earth Magic
    48 | D        | Reached skill level 15 in Evocations
    48 | D        | Noticed a destroyer
    50 | D        | Reached skill level 15 in Slings
    50 | D        | Reached skill level 15 in Bows
    50 | D        | Reached skill level 15 in Crossbows
    50 | D        | Reached skill level 15 in Throwing
    50 | D        | Reached skill level 15 in Spellcasting
    50 | D        | Reached XP level 25. HP: 225/280 MP: 24/42
    52 | D        | Noticed a tyrant
    53 | D        | Reached skill level 15 in Long Blades
    53 | D        | Reached skill level 15 in Maces & Flails
    53 | D        | Reached skill level 15 in Polearms
    53 | D        | Reached skill level 15 in Staves
    53 | D        | Killed a destroyer
    54 | D        | Reached skill level 15 in Dodging
    54 | D        | Reached XP level 26. HP: 290/290 MP: 25/43
    54 | D        | Noticed a tyrant
    57 | D        | Noticed The Captor
    58 | D        | Noticed a dread
    59 | D        | Killed a tyrant
    64 | D        | Reached skill level 27 in Stealth
    64 | D        | Reached XP level 27. HP: 108/298 MP: 28/44
    64 | D        | Noticed a destroyer
    67 | D        | Killed a destroyer
    68 | D        | Killed a large bag of meat
    68 | D        | Killed a large bag of meat
    68 | D        | Killed a large bag of meat
    69 | D        | Killed a tyrant
    70 | D        | Noticed a meat beast
    72 | D        | Noticed a dread
    72 | D        | Noticed an accursed
    73 | D        | Killed a meat beast
    73 | D        | Killed a large bag of meat
    76 | D        | Killed a dread
    77 | D        | Reached skill level 27 in Poison Magic
    79 | D        | Noticed a destroyer
    80 | D        | Noticed an accursed
    81 | D        | Noticed a meat beast
    81 | D        | HP: 9/298 [??? (7)]
    81 | D        | HP: 3/298 [accursed (6)]
    82 | D        | Noticed a destroyer
    82 | D        | Killed an accursed
    84 | D        | Killed a dread
    85 | D        | Killed a meat beast
    87 | D        | Noticed a large bag of meat
    87 | D        | Noticed a tyrant
    88 | D        | Noticed a tyrant
    90 | D        | Killed a destroyer
    90 | D        | Killed a destroyer
    91 | D        | Reached skill level 27 in Invocations
    91 | D        | Killed a large bag of meat
    93 | D        | Noticed a meat beast
    93 | D        | Noticed a tyrant
    95 | D        | Reached skill level 27 in Earth Magic
    95 | D        | Reached skill level 27 in Evocations
    96 | D        | Killed an accursed
    96 | D        | Killed a large bag of meat
    96 | D        | Noticed a destroyer
    97 | D        | Reached skill level 27 in Short Blades
    97 | D        | Reached skill level 27 in Unarmed Combat
    97 | D        | Reached skill level 27 in Conjurations
    97 | D        | Reached skill level 27 in Hexes
    97 | D        | Reached skill level 27 in Summonings
    97 | D        | Reached skill level 27 in Necromancy
    97 | D        | Reached skill level 27 in Translocations
    97 | D        | Reached skill level 27 in Transmutations
    97 | D        | Reached skill level 27 in Fire Magic
    97 | D        | Reached skill level 27 in Ice Magic
    97 | D        | Reached skill level 27 in Air Magic
    97 | D        | Killed a tyrant
    97 | D        | Killed The Captor
    97 | D        | Killed a meat beast
    97 | D        | Noticed an accursed
    97 | D        | Noticed a tyrant
    98 | D        | Reached skill level 27 in Long Blades
    98 | D        | Reached skill level 27 in Maces & Flails
    98 | D        | Reached skill level 27 in Polearms
    98 | D        | Reached skill level 27 in Staves
    98 | D        | Reached skill level 27 in Slings
    98 | D        | Reached skill level 27 in Bows
    98 | D        | Reached skill level 27 in Crossbows
    98 | D        | Reached skill level 27 in Throwing
    98 | D        | Reached skill level 27 in Dodging
    98 | D        | Reached skill level 27 in Spellcasting
    99 | D        | Noticed a large bag of meat
   101 | D        | Killed a tyrant
   102 | D        | Killed a destroyer
   105 | D        | Killed an accursed
   107 | D        | Killed a large bag of meat
   109 | D        | Killed a tyrant
   110 | D        | Noticed a destroyer
   110 | D        | Noticed a meat beast
   110 | D        | Noticed a meat beast
   112 | D        | Killed a destroyer
   112 | D        | Noticed a destroyer
   113 | D        | Killed a meat beast
   113 | D        | Noticed a destroyer
   114 | D        | Noticed a fleshlord
   114 | D        | Killed a fleshlord
   115 | D        | Noticed a meat beast
   115 | D        | Killed a meat beast
   115 | D        | Noticed a destroyer
   115 | D        | Noticed a tyrant
   116 | D        | Killed a tyrant
   118 | D        | Noticed a dread
   118 | D        | Noticed a large bag of meat
   119 | D        | Killed a meat beast
   119 | D        | Noticed a fleshlord
   120 | D        | Noticed a meat beast
   120 | D        | Noticed an accursed
   121 | D        | Noticed a fleshlord
   122 | D        | Killed a destroyer
   124 | D        | Killed a destroyer
   124 | D        | Noticed a fleshlord
   124 | D        | Noticed an accursed
   125 | D        | Noticed a fleshlord
   125 | D        | Killed a destroyer
   125 | D        | Killed a meat beast
   125 | D        | Noticed a fleshlord
   125 | D        | Noticed a fleshlord
   126 | D        | Noticed an accursed
   126 | D        | Mangled by a fleshlord

Illustrated notes

Levels and vault maps discovered:
D:        meatsprint

Skill      XL: |  1  2  3  4  5  6  7  8  9 10 11 12 13 14 15 16 17 18 19 20 21 22 23 24 25 26 27 |
---------------+----------------------------------------------------------------------------------+-----
Fighting       | 19 22 25 26 27 | 27.0
Axes           | 12 14 17 19 22 26 27 | 27.0
Armour         | 17 19 22 23 25 27 | 27.0
Shields        | 16 18 20 21 23 26 27 | 27.0
Short Blades   | 7 9 12 14 16 17 19 27 | 27.0
Long Blades    | 6 8 10 11 13 14 15 16 27 | 27.0
Maces & Flails | 6 8 10 11 13 14 15 16 27 | 27.0
Polearms       | 6 8 10 11 13 14 15 16 27 | 27.0
Staves         | 6 8 10 11 13 14 15 16 27 | 27.0
Slings         | 7 8 11 12 13 15 16 17 27 | 27.0
Bows           | 7 8 11 12 13 15 16 17 27 | 27.0
Crossbows      | 7 8 11 12 13 15 16 17 27 | 27.0
Throwing       | 7 8 11 12 13 15 16 17 27 | 27.0
Dodging        | 6 7 10 11 12 13 15 16 27 | 27.0
Stealth        | 11 13 17 18 21 23 25 27 | 27.0
Unarmed Combat | 7 9 12 14 16 17 19 27 | 27.0
Spellcasting   | 7 8 11 12 13 15 16 17 27 | 27.0
Conjurations   | 7 9 12 14 16 17 19 27 | 27.0
Hexes          | 7 9 12 14 16 17 19 27 | 27.0
Summonings     | 7 9 12 14 16 17 19 27 | 27.0
Necromancy     | 7 9 12 14 16 17 19 27 | 27.0
Translocations | 7 9 12 14 16 17 19 27 | 27.0
Transmutations | 7 9 12 14 16 17 19 27 | 27.0
Fire Magic     | 7 9 12 14 16 17 19 27 | 27.0
Ice Magic      | 7 9 12 14 16 17 19 27 | 27.0
Air Magic      | 7 9 12 14 16 17 19 27 | 27.0
Earth Magic    | 7 9 12 14 16 17 19 27 | 27.0
Poison Magic   | 10 11 15 16 18 20 21 23 27 | 27.0
Invocations    | 8 10 12 13 16 17 19 20 27 | 27.0
Evocations     | 7 9 12 14 16 17 19 27 | 27.0

Action                   |  1- 3 |  4- 6 |  7- 9 | 10-12 | 13-15 | 16-18 | 19-21 | 22-24 | 25-27 || total
-------------------------+-------+-------+-------+-------+-------+-------+-------+-------+-------++-------
Melee: Executioner's axe |     1 |       |       |       |     2 |     4 |     8 |    10 |    62 ||    87
  Use: Potion            |       |       |       |       |       |     1 |       |       |     1 ||     2
Armor: Scale mail        |       |       |       |       |       |       |     1 |     1 |     9 ||    11
Dodge: Dodged            |       |       |       |       |       |       |       |       |     4 ||     4
